 Dungeon Crawl Stone Soup version 0.27-a0-1245-g940ed4fa31 (webtiles) character file.

Game seed: 12538186179177777054

253 robertstho the Shooter (level 6, 0/52 HPs)
             Began as a Hill Orc Hunter on June 9, 2021.
             Slain by an ogre
             ... wielding a +0 giant club
              (15 damage)
             ... on level 4 of the Dungeon.
             The game lasted 00:03:21 (3444 turns).

robertstho the Shooter (Hill Orc Hunter)            Turns: 3444, Time: 00:03:21

Health: 0/52       AC:  5    Str: 16    XL:     6   Next: 14%
Magic:  6/6        EV: 11    Int: 11    God:
Gold:   92         SH:  0    Dex: 12    Spells: 5/5 levels left

rFire    . . .     SeeInvis .   a - +1 shortbow
rCold    . . .     Faith    .   (shield currently unavailable)
rNeg     + . .     Spirit   .   e - +0 ring mail
rPois    .         Reflect  .   (no helmet)
rElec    .         Harm     .   (no cloak)
rCorr    .         Rampage  .   (no gloves)
Will     .....                  (no boots)
Stlth    +.........             (no amulet)
HPRegen  0.17/turn              h - ring of positive energy
MPRegen  0.10/turn              (no ring)

@: no status effects
A: no striking features
a: no special abilities


You were on level 4 of the Dungeon.
You visited 1 branch of the dungeon, and saw 4 of its levels.

You collected 92 gold pieces.

Inventory:

Hand Weapons
 a - a +1 shortbow (weapon)
 b - a +0 short sword
 c - a +0 dagger of venom
 k - a +1 trident of venom
Missiles
 d - 60 arrows (quivered ammo)
 f - 8 curare-tipped darts
Armour
 e - a +0 ring mail (worn)
Jewellery
 h - a ring of positive energy (left hand)
Scrolls
 l - 2 scrolls of torment {unknown}
 m - a scroll of vulnerability {unknown}
 n - a scroll of teleportation {unknown}
 o - a scroll of blinking
Potions
 i - a potion of ambrosia
 j - a potion of flight {unknown}


   Skills:
 * Level 3.7 Fighting
 + Level 1.0 Polearms
 * Level 5.8 Bows
 + Level 1.1 Armour
 + Level 1.8 Dodging
 - Level 0.7 Stealth


You had 5 spell levels left.
You didn't know any spells.
Your spell library contained the following spells:

 Spells                   Type           Power      Damage    Failure   Level
 Beastly Appendage        Tmut           0%         N/A       56%         1
 Wereblood                Tmut           0%         N/A       71%         2
 Spider Form              Tmut/Pois      0%         N/A       90%         3
 Ice Form                 Ice/Tmut       0%         N/A       100%        4


Dungeon Overview and Level Annotations

Branches:
Dungeon (4/15)
 Temple: D:4-7

Altars:

Shops:
D:3 ([*


Message History

Search for what [? for help]? armo You have 92 gold pieces.
Unknown command.
Okay, then.
As you read the scroll of identify, it crumbles to dust.
o - a scroll of blinking
(D) Dungeon
Where to? (Enter - D:3, ? - help)
There is a stone staircase leading down here.
You climb downwards.
There is a stone staircase leading up here.
A ball python and an ogre come into view.
The ogre shouts!
The ball python hisses angrily.
You hear a shout!
Found a stone staircase leading up.
You shoot an arrow. The arrow hits the ball python.
You kill the ball python!
You shoot an arrow. The arrow hits the ogre.
The ogre is moderately wounded.
You shoot an arrow. The arrow barely misses the ogre.
You shoot an arrow. The arrow hits the ogre!
The ogre is heavily wounded.
You shoot an arrow. The arrow barely misses the ogre.
You shoot an arrow. The arrow hits the ogre.
The ogre is severely wounded.
The ogre hits you with a +0 giant club.
You shoot an arrow. The arrow barely misses the ogre.
You shoot an arrow.
The arrow hits the ogre but does no damage.
The ogre is severely wounded.
The ogre hits you with a +0 giant club.
You shoot an arrow. The arrow hits the ogre!
The ogre is almost dead.
The ogre hits you with a +0 giant club!!
Ouch! That really hurt!
* * * LOW HITPOINT WARNING * * *
You are too injured to fight recklessly!
You are too injured to fight recklessly!
There is a stone staircase leading up here.
The ogre hits you with a +0 giant club!
You die... #. #< #( #. #( #( ###(##### #.....O@# #.#.##### #. #. #. ##

You could see an ogre.

Vanquished Creatures
  A scorpion (D:3)
  3 orc wizards (D:3)
  3 gnolls (D:3)
  3 adders
  A worm (D:3)
  5 dart slugs
  4 orcs (D:3)
  8 ball pythons
  2 endoplasms
  A giant cockroach (D:1)
  5 goblins
  3 hobgoblins (D:1)
  3 quokkas
  3 bats
  4 frilled lizards
  3 kobolds
  3 rats
55 creatures vanquished.

Notes
Turn   | Place    | Note
-------+----------+-------------------------------------------
     0 | D:1      | robertstho the Hill Orc Hunter began the quest for the Orb.
     0 | D:1      | Reached XP level 1. HP: 18/18 MP: 1/1
   198 | D:1      | Reached XP level 2. HP: 23/25 MP: 2/2
   265 | D:1      | Reached skill level 4 in Bows
   697 | D:1      | Reached XP level 3. HP: 30/30 MP: 3/3
  1478 | D:2      | Found a faded altar of an unknown god.
  1911 | D:2      | Reached XP level 4. HP: 38/38 MP: 4/4
  2210 | D:3      | Found Fajish's Assorted Antiques.
  2314 | D:3      | Found Ziulohip's Armour Shoppe.
  2322 | D:3      | Found Midigh's Weapon Boutique.
  2445 | D:3      | Reached skill level 5 in Bows
  2608 | D:3      | Reached XP level 5. HP: 45/45 MP: 5/5
  3091 | D:3      | Reached skill level 1 in Polearms
  3091 | D:3      | Reached XP level 6. HP: 37/51 MP: 6/6
  3093 | D:3      | Reached skill level 1 in Armour
  3444 | D:4      | Slain by an ogre

Illustrated notes

Levels and vault maps discovered:
D:1:      heliophobic_arrival_ceremonial_halls, layout_basic, serial_forest,
          infiniplex_forest_zigzag_1, infiniplex_forest_lined_corner,
          infiniplex_forest_split, infiniplex_forest_lined_3_way,
          infiniplex_forest_clump_small, infiniplex_forest_end_1,
          infiniplex_forest_clump_double, minmay_split_cup_large
D:2:      layout_loops_cross, basic_ecumenical_altar
D:3:      layout_rooms, serial_shops, nicolae_shop_statue_plus, shop, shop,
          kennysheep_crisscross, minmay_misc_feat_x, kennysheep_generic_room_14
D:4:      layout_basic, corexii_item_surrounded_by_moat

Skill      XL: |  1  2  3  4  5  6 |
---------------+-------------------+-----
Bows           | 4 5 |  5.8
Fighting       | 3 |  3.7
Polearms       | 1 |  1.0
Armour         | 1 |  1.1
Dodging        | |  1.8
Stealth        | |  0.7

Action                   |  1- 3 |  4- 6 || total
-------------------------+-------+-------++-------
Melee: Trident           |       |    21 ||    21
 Fire: Shortbow          |    89 |    75 ||   164
  Use: Scroll            |     1 |     1 ||     2
       Potion            |     1 |       ||     1
Armor: Ring mail         |     9 |    22 ||    31
Dodge: Dodged            |    17 |    24 ||    41

Table legend: (Time is in decaauts)
 A = Elapsed time spent in this place.
 B = Non-inter-level travel time spent in this place.
 C = Inter-level travel time spent in this place.
 D = Time resting spent in this place.
 E = Time spent auto-exploring this place.
 F = Levels seen in this place.
 G = Mean time per level.
                   A        B        C        D        E       F      G
               +--------+--------+--------+--------+--------+-----+--------+
         Total |   3458 |   3350 |    108 |    239 |   2723 |   4 |  864.5 |
       Dungeon |   3458 |   3350 |    108 |    239 |   2723 |   4 |  864.5 |
               +--------+--------+--------+--------+--------+-----+--------+

Top non-repeatable levels by time:
     D:1: 1251 daAuts
     D:3: 1229 daAuts
     D:2: 961 daAuts
     D:4: 15 daAuts
